 Dungeon Crawl Stone Soup version 0.29-a0-194-g6e3aafee17 (webtiles) character file.

Game seed: 10640853658404158435

53 fragbeetle the Bolt Thrower (level 3, -3/30 HPs)
             Began as a Minotaur Hunter on Feb 23, 2022.
             Killed from afar by Ijyb (9 damage)
             ... with an iceblast
             ... on level 3 of the Dungeon.
             The game lasted 00:02:03 (2390 turns).

fragbeetle the Bolt Thrower (Minotaur Hunter)       Turns: 2390, Time: 00:02:04

Health: -3/30      AC:  8    Str: 18    XL:     3   Next: 64%
Magic:  2/2        EV: 11    Int:  8    God:
Gold:   229        SH:  0    Dex: 10    Spells: 2/2 levels left

rFire   . . .      SeeInvis .   a - +1 hand crossbow
rCold   . . .      Faith    .   (no shield)
rNeg    . . .      Spirit   .   e - +0 ring mail
rPois   .          Reflect  .   (helmet restricted)
rElec   .          Harm     .   (no cloak)
rCorr   .          Rampage  .   (no gloves)
Will    .....                   m - +2 pair of boots
Stlth   +.........              (no amulet)
HPRegen 0.10/turn               (no ring)
MPRegen 0.08/turn               (no ring)

@: no status effects
A: horns 2, retaliatory headbutt
a: no special abilities


You were on level 3 of the Dungeon.
You visited 1 branch of the dungeon, and saw 3 of its levels.

You collected 229 gold pieces.

Inventory:

Hand Weapons
 a - a +1 hand crossbow (weapon)
Missiles
 i - 5 curare-tipped darts (quivered)
 k - 4 silver boomerangs
 t - 5 poisoned darts
Armour
 b - a +0 leather armour
 e - a +0 ring mail (worn)
 m - a +2 pair of boots (worn)
Jewellery
 c - a ring of poison resistance
 f - a ring of fire
Scrolls
 d - 4 scrolls of identify {unknown}
 g - 3 scrolls of blinking {unknown}
 h - 3 scrolls of teleportation {unknown}
 j - 2 scrolls of noise {unknown}
 o - 2 scrolls of immolation {unknown}
 q - a scroll of silence {unknown}
 s - 2 scrolls of vulnerability {unknown}
 v - a scroll of fog {unknown}
Potions
 l - 3 potions of curing {unknown}
 n - a potion of mutation {unknown}
 p - a potion of degeneration {unknown}
 r - a potion of brilliance {unknown}
 u - a potion of experience {unknown}


   Skills:
 - Level 2.4 Fighting
 + Level 5.9 Crossbows
 - Level 2.1 Dodging
 - Level 0.7 Stealth


You had 2 spell levels left.
You didn't know any spells.
Your spell library was empty.

Dungeon Overview and Level Annotations

Branches:
Dungeon (3/15)

Altars:
Kikubaaqudgha
Nemelex Xobeh

Shops:
D:3 =

Annotations:
D:3 Ijyb


Innate Abilities, Weirdness & Mutations

You have a pair of horns on your head.
You reflexively headbutt those who attack you in melee.


Message History

You shoot a bolt. The bolt barely misses the worm.
You shoot a bolt.
The bolt hits the worm but does no damage.
The worm is heavily wounded.
The worm closely misses you.
You shoot a bolt.
The bolt hits the worm but does no damage.
The worm is heavily wounded.
The worm bites you.
You shoot a bolt. The bolt hits the worm!
The worm is almost dead.
The worm bites you but does no damage.
You shoot a bolt. The bolt hits the worm!
You kill the worm!
No target in view!
No target in view!
HP restored.
You see here a +0 ring mail.
Found a stone staircase leading up.
g - 3 scrolls labelled AXAUKU YNKU (gained 1)
Found a flail.
Found a stone staircase leading down.
Found a leather armour.
You see here a +0 leather armour.
Found a sparkling altar of Nemelex Xobeh.
You now have 229 gold pieces (gained 14).
s - 2 scrolls labelled KOURPH RIEREWE (gained 1)
You see here a +0 leather armour.
There is a stone staircase leading down here.
There is a stone staircase leading down here.
Ijyb the Twisted Goblin comes into view.
She is wielding a +0 dagger and carrying a wand of iceblast (13).
Found 9 gold pieces.
Ijyb shouts!
You shoot a bolt. The bolt closely misses Ijyb.
Ijyb zaps a wand.
The mass of ice explodes!
The iceblast engulfs you!
You shoot a bolt. The bolt barely misses Ijyb.
Ijyb zaps a wand.
The mass of ice explodes!
The iceblast engulfs you!
* * * LOW HITPOINT WARNING * * *
Ijyb zaps a wand.
The mass of ice explodes!
The iceblast engulfs you!
You die...

#####
#...###########
#......@.....g$
#...####.######
##..# ...
###########..#
####
.............#
###.########.#
#.# #.# #.# #.#
. #.# ##.## .#


You could see Ijyb.

Vanquished Creatures
  3 worms
  4 bats
  9 endoplasms
  2 giant cockroaches
  4 goblins
  2 hobgoblins (D:2)
  3 jackals (D:1)
  A kobold (D:2)
  A ball python (D:1)
  6 frilled lizards
  7 rats
42 creatures vanquished.

Notes
Turn   | Place    | Note
-------+----------+-------------------------------------------
     0 | D:1      | fragbeetle the Minotaur Hunter began the quest for the Orb.
     0 | D:1      | Reached XP level 1. HP: 18/18 MP: 0/0
   177 | D:1      | Reached XP level 2. HP: 25/25 MP: 1/1
   220 | D:1      | Reached skill level 5 in Crossbows
  1088 | D:2      | Reached XP level 3. HP: 22/30 MP: 2/2
  1688 | D:2      | Found an ancient bone altar of Kikubaaqudgha.
  1848 | D:3      | Found an ancient bone altar of Kikubaaqudgha.
  1955 | D:3      | Found Jadiah's One-of-a-Kind Rings.
  2213 | D:3      | Found a sparkling altar of Nemelex Xobeh.
  2388 | D:3      | Noticed Ijyb
  2390 | D:3      | Killed from afar by Ijyb

Illustrated notes

Levels and vault maps discovered:
D:1:      dpeg_arrival_chambers_temple_mockup, layout_basic,
          wander_ebering_terrifying_dragon_lair
D:2:      minmay_recursive_quarters, layout_basic, serial_curves,
          eino_curves_04, eino_curves_01, basic_altar
D:3:      layout_loops_ring, mainiacjoe_overflow_alcove_2,
          nzn_wu_jian_council_hall, amcnicky_altar_gilded,
          nicolae_shop_unique_rings, uniq_ijyb

Skill      XL: |  1  2 |
---------------+-------+-----
Crossbows      | 5 |  5.9
Fighting       | |  2.4
Dodging        | |  2.1
Stealth        | |  0.7

Action                   || total
-------------------------++-------
 Fire: Hand crossbow     ||   102
Armor: Leather armour    ||    10
       Ring mail         ||     9
Dodge: Dodged            ||    26

Table legend: (Time is in decaauts)
 A = Elapsed time spent in this place.
 B = Non-inter-level travel time spent in this place.
 C = Inter-level travel time spent in this place.
 D = Time resting spent in this place.
 E = Time spent auto-exploring this place.
 F = Levels seen in this place.
 G = Mean time per level.
                   A        B        C        D        E       F      G
               +--------+--------+--------+--------+--------+-----+--------+
         Total |   2422 |   2388 |     34 |      0 |   2125 |   3 |  807.3 |
       Dungeon |   2422 |   2388 |     34 |      0 |   2125 |   3 |  807.3 |
               +--------+--------+--------+--------+--------+-----+--------+

Top non-repeatable levels by time:
     D:1: 1005 daAuts
     D:2: 848 daAuts
     D:3: 568 daAuts
